 Dungeon Crawl Stone Soup version 0.31-a0-210-gccc998df9b (webtiles) character file.

Game seed: 12853875119091802234

491 qw the Shooter (level 6, -8/52 HPs)
             Began as a Minotaur Hexslinger on June 30, 2023.
             Mangled by a gnoll sergeant
             ... wielding a +0 trident
              (15 damage)
             ... on level 5 of the Dungeon.
             The game lasted 00:01:19 (3710 turns).

qw the Shooter (Minotaur Hexslinger)                Turns: 3710, Time: 00:01:19

Health: -8/52      AC:  4    Str: 13    XL:     6   Next: 91%
Magic:  6/6        EV: 12    Int: 10    God:
Gold:   275        SH:  0    Dex: 14    Spells: 6/7 levels left

rFire   . . .        e - +2 sling (heavy)
rCold   . . .        (no shield)
rNeg    . . .        c - +0 troll leather armour
rPois   .            (helmet restricted)
rElec   .            (no cloak)
rCorr   .            (no gloves)
SInv    .            (no boots)
Will    +....        (no amulet)
Stlth   +            g - ring of willpower
HPRegen 1.08/turn    (no ring)
MPRegen 0.10/turn

%: no passive effects
@: no status effects
A: horns 2, retaliatory headbutt
a: no special abilities


You were on level 5 of the Dungeon.
You visited 1 branch of the dungeon, and saw 5 of its levels.

You collected 275 gold pieces.


Innate Abilities, Weirdness & Mutations

You have a pair of horns on your head.
You reflexively headbutt those who attack you in melee.


   Skills:
 - Level 4.1 Fighting
 + Level 7.2 Ranged Weapons
 - Level 1.3 Armour
 - Level 2.1 Dodging
 - Level 1.0 Spellcasting
 - Level 2.0 Hexes


You had 6 spell levels left.
You knew the following spells:

 Your Spells              Type           Power      Damage    Failure   Level
a - Slow                  Hex            16%        N/A       19%         1

Your spell library contained the following spells:

 Spells                   Type           Power      Damage    Failure   Level
 Inner Flame              Hex/Fire       2%         N/A       65%         3
 Portal Projectile        Hex/Tloc       4%         N/A       65%         3
 Cause Fear               Hex            2%         N/A       88%         4

Inventory:

Hand Weapons
 e - a +2 heavy sling (weapon)
Armour
 c - a +0 troll leather armour (worn)
Jewellery
 a - a ring of see invisible
 g - a ring of willpower (left hand)
Scrolls
 i - a scroll of identify
Potions
 b - a potion of haste
 d - 2 potions of heal wounds {unknown}
 h - a potion of mutation {unknown}
 j - a potion of curing {unknown}
 k - a potion of lignification {unknown}

Dungeon Overview and Level Annotations

Branches:
Dungeon (5/15)
 Temple: D:4-7

Altars:

Shops:
D:1 [   D:3 (


Message History

The sling bullet hits the gnoll sergeant.
The gnoll sergeant is heavily wounded.
You shoot a sling bullet. The sling bullet hits the gnoll!
The gnoll is severely wounded.
The gnoll hits you with a +0 whip.
The gnoll sergeant hits you from afar with a +0 trident!
You shoot a sling bullet. The sling bullet hits the gnoll.
You kill the gnoll!
The gnoll sergeant hits you from afar with a +0 trident.
You shoot a sling bullet.
The gnoll sergeant blocks the sling bullet.
The gnoll sergeant hits you from afar with a +0 trident.
The gnoll sergeant hits you but does no damage.
You shoot a sling bullet.
The sling bullet hits the gnoll sergeant but does no damage.
The gnoll sergeant is moderately wounded.
The gnoll sergeant hits you from afar with a +0 trident!
You shoot a sling bullet.
The sling bullet barely misses the gnoll sergeant.
The sling bullet closely misses the gnoll.
The gnoll sergeant closely misses you.
The gnoll sergeant hits you from afar with a +0 trident!
You shoot a sling bullet.
The sling bullet completely misses the gnoll sergeant.
The sling bullet hits the gnoll!
The gnoll is severely wounded.
The gnoll sergeant barely misses you.
You shoot a sling bullet.
The sling bullet hits the gnoll sergeant!
The gnoll sergeant is severely wounded.
The gnoll sergeant hits you from afar with a +0 trident!
The gnoll sergeant misses you.
You shoot a sling bullet.
The sling bullet hits the gnoll sergeant.
The gnoll sergeant is severely wounded.
The gnoll sergeant barely misses you.
You shoot a sling bullet.
The gnoll sergeant blocks the sling bullet.
The gnoll sergeant hits you from afar with a +0 trident!
You die...

## ... ... ...
..# )..
...#.#.#.#
.........gg
#.....#.#.#g##
#..........).#
#.....#.#.#@##
#......>..(..##
#.....#.#.#.#.#
#.............#
#.....#.#.#.#.#
#.........)...#
#.....#.#.#.#.#
###'##........#
#.###.#.#.#.#


You could see a gnoll sergeant and 2 gnolls.

Vanquished Creatures
  An ogre (D:4)
  A scorpion (D:4)
  2 hounds
  Natasha (thrice) (D:4)
  An orc wizard (D:4)
  2 gnolls (D:5)
  8 adders
  2 worms
  3 dart slugs
  6 orcs
  7 ball pythons
  3 endoplasms
  8 giant cockroaches
  7 goblins
  11 hobgoblins
  8 kobolds
  3 quokkas
  3 bats
  2 frilled lizards (D:3)
  7 rats
88 creatures vanquished.

Notes
Turn   | Place    | Note
-------+----------+-------------------------------------------
     0 | D:1      | qw the Minotaur Hexslinger began the quest for the Orb.
     0 | D:1      | Reached XP level 1. HP: 16/16 MP: 1/1
     0 | D:1      | 0 ||| qw: Version: 0.3-a-26-gee661ec
     0 | D:1      | 0 ||| qw: Game counter: 7220
     0 | D:1      | 0 ||| qw: Melee chars always use a shield: true
     0 | D:1      | 0 ||| qw: God list: Okawaru
     0 | D:1      | 0 ||| qw: Allow faded altars: false
     0 | D:1      | 0 ||| qw: Do Orc after clearing Dungeon:15 true
     0 | D:1      | 0 ||| qw: Do second Lair branch before Depths: true
     0 | D:1      | 0 ||| qw: Lair rune preference: random
     0 | D:1      | 0 ||| qw: Goals: Normal
     0 | D:1      | 0 ||| PLANNING D:1-11
    86 | D:1      | Reached skill level 3 in Ranged Weapons
    86 | D:1      | Reached XP level 2. HP: 23/23 MP: 2/2
   123 | D:1      | Found Raeschak's Antique Armour Shoppe.
   128 | D:1      | 128 ||| SHOPLISTING ring mail (92 gold, have 0).
   633 | D:1      | Reached XP level 3. HP: 27/29 MP: 3/3
  1399 | D:1      | 1399 ||| UPGRADING to +0 leather armour.
  1409 | D:1      | 1409 ||| DROPPING +0 robe.
  1410 | D:1      | 1410 ||| UPGRADING to +0 ring mail.
  1420 | D:1      | 1420 ||| DROPPING +0 leather armour.
  1421 | D:1      | 1421 ||| UPGRADING to ring of willpower.
  1422 | D:1      | 1422 ||| READING scroll labelled TECWYDE OCAIRU.
  1423 | D:1      | 1423 ||| DROPPING scroll of poison.
  1620 | D:2      | Reached skill level 4 in Ranged Weapons
  1774 | D:2      | Reached skill level 1 in Armour
  1972 | D:2      | Reached XP level 4. HP: 29/36 MP: 4/4
  2601 | D:2      | 2601 ||| UPGRADING to +0 troll leather armour.
  2611 | D:2      | 2611 ||| DROPPING +0 ring mail.
  2612 | D:2      | 2612 ||| READING scroll labelled VUEXACZ HEQI.
  2613 | D:2      | 2613 ||| READING scroll labelled USOITO MUBRYI.
  2614 | D:2      | 2614 ||| READING scroll labelled MILEEMMEZUN.
  2614 | D:2      | Identified a scroll of acquirement
  2614 | D:2      | 2614 ||| ACQUIRING +2 sling of flaming
  2614 | D:2      | Acquired a +2 sling of flaming
  2616 | D:2      | 2616 ||| SWAPPING to +2 sling of flaming.
  2617 | D:2      | 2617 ||| DROPPING +1 sling.
  2618 | D:2      | 2618 ||| READING scroll labelled COENLY ZAFESUUHOI.
  2742 | D:3      | Reached skill level 5 in Ranged Weapons
  2870 | D:3      | Found Xyorhyde's Weapon Emporium.
  3046 | D:3      | 3046 ||| DROPPING ring of flight.
  3047 | D:3      | 3047 ||| READING scroll labelled BEBIUM IKLU.
  3085 | D:4      | Noticed a scorpion
  3088 | D:4      | Reached skill level 3 in Fighting
  3088 | D:4      | Reached XP level 5. HP: 45/45 MP: 5/5
  3094 | D:4      | 3094 ||| FLEEEEING.
  3112 | D:4      | Noticed an ogre
  3119 | D:4      | Killed an ogre
  3120 | D:4      | Reached skill level 6 in Ranged Weapons
  3120 | D:4      | Reached XP level 6. HP: 41/51 MP: 6/6
  3165 | D:4      | Noticed Natasha
  3171 | D:4      | Killed Natasha
  3285 | D:4      | Noticed Natasha
  3286 | D:4      | Killed Natasha
  3289 | D:4      | Noticed Natasha
  3291 | D:4      | 3291 ||| Stepping ~*~*~tactically~*~*~ (outnumbered).
  3293 | D:4      | Killed Natasha
  3511 | D:4      | 3511 ||| READING 2 scrolls labelled JYPROF UTEGUEDID.
  3512 | D:4      | 3512 ||| DRINKING 2 bubbling pink potions.
  3513 | D:4      | 3513 ||| DRINKING 2 sedimented cyan potions.
  3514 | D:4      | 3514 ||| DROPPING potion of magic.
  3515 | D:4      | 3515 ||| DROPPING scroll of blinking.
  3524 | D:5      | Entered Level 5 of the Dungeon
  3525 | D:5      | 3525 ||| PLANNING OSSUARY
  3594 | D:5      | Reached skill level 7 in Ranged Weapons
  3708 | D:5      | HP: 4/52 [gnoll sergeant/+0 trident (13)]
  3710 | D:5      | Mangled by a gnoll sergeant

Levels and vault maps discovered:
D:1:      saegor_arrival_simple_d, layout_basic, serial_shops, shop,
          minmay_worlds_worst_comb
D:2:      layout_basic, kennysheep_generic_room_5
D:3:      layout_rooms, serial_shops, nicolae_shop_rolling_square
D:4:      layout_basic, hangedman_decor_riveting, uniq_natasha
D:5:      layout_basic, kennysheep_mini, serial_curves, eino_curves_04,
          eino_curves_03, enter_ossuary_2, st_stairs_12, minmay_crystal_room

Skill      XL: |  1  2  3  4  5  6 |
---------------+-------------------+-----
Ranged Weapons | 3 4 5 6 7 |  7.2
Fighting       | 2 3 4 |  4.1
Armour         | 1 |  1.3
Dodging        | |  2.1
Spellcasting   | |  1.0
Hexes          | |  2.0

Action                     |  1- 3 |  4- 6 || total
---------------------------+-------+-------++-------
   Fire: Sling             |   129 |   149 ||   278
    Use: Scroll            |     1 |     6 ||     7
         Potion            |       |     2 ||     2
 Armour: Robe              |     2 |       ||     2
         Ring mail         |    15 |     3 ||    18
         Troll leather arm |       |    11 ||    11
  Dodge: Dodged            |    47 |    59 ||   106

Table legend:
 A = Non-vault XP
 B = Vault XP
 C = Vault XP percentage of total XP
 D = Non-vault monster count
 E = Vault monster count
 F = Vault count percentage of total count
                 A         B        C        D         E       F
            +---------+---------+-------+---------+---------+-------
      Total |     645 |      57 |   8.1 |      82 |       6 |   6.8
            +---------+---------+-------+---------+---------+-------
        D:1 |      37 |       8 |  17.8 |      21 |       4 |  16.0
        D:2 |     105 |       0 |   0.0 |      27 |       0 |   0.0
        D:3 |      40 |       0 |   0.0 |      13 |       0 |   0.0
        D:4 |     394 |      36 |   8.4 |      18 |       1 |   5.3
        D:5 |      69 |      13 |  15.9 |       3 |       1 |  25.0
            +---------+---------+-------+---------+---------+-------
